 Dungeon Crawl Stone Soup version 0.17.1-1-g73c8601 (console) character file.

389 Kloppie the Chopper (level 6, 0/58 HPs)
             Began as a Hill Orc Fighter on Dec 12, 2015.
             Succumbed to a scorpion's poison
             ... on level 4 of the Dungeon.
             The game lasted 00:03:18 (2659 turns).

Kloppie the Chopper (Hill Orc Fighter)              Turns: 2659, Time: 00:03:18

Health: 0/58       AC: 10    Str: 24    XL:     6   Next: 79%
Magic:  6/6        EV:  7    Int:  8    God:
Gold:   70         SH:  9    Dex: 12    Spells: 0 memorised, 5 levels left

rFire  . . .     SeeInvis .     a - +0 war axe
rCold  . . .     Clarity  .     b - +0 scale mail
rNeg   . . .     SustAt   .     c - +0 shield
rPois  .         Gourm    .     (no helmet)
rElec  .         Spirit   .     A - +2 cloak
rCorr  .         Warding  .     (no gloves)
rMut   .         Stasis   .     (no boots)
MR     .....                    (no amulet)
Stlth  ..........               (no ring)
                                (no ring)

@: mighty, lethally poisoned (0 -> -5), not resistant to hostile enchantments,
extremely unstealthy
A: no striking features
a: no special abilities


You were on level 4 of the Dungeon.
You were very hungry.

You visited 1 branch of the dungeon, and saw 4 of its levels.

You collected 70 gold pieces.

Inventory:

Hand Weapons
 a - a +0 war axe (weapon)
Armour
 b - a +0 scale mail (worn)
 c - a +0 shield (worn)
 A - a +2 cloak (worn)
Jewellery
 f - a +3 ring of protection {unknown}
 i - an uncursed amulet of warding {unknown}
 k - an uncursed ring of protection from magic {unknown}
 o - an uncursed amulet of resist corrosion {unknown}
 D - an uncursed amulet of rage {unknown}
 H - a +2 ring of evasion {unknown}
Wands
 y - a wand of random effects (26)
Scrolls
 r - 2 scrolls of identify {unknown}
 s - 3 scrolls of teleportation {unknown}
 t - a scroll of enchant weapon {unknown}
 v - a scroll of remove curse {unknown}
 w - a scroll of recharging {unknown}
 x - 3 scrolls of enchant armour {unknown}
 B - 2 scrolls of blinking {unknown}
 C - 2 scrolls of fog {unknown}
Potions
 h - a potion of heal wounds {unknown}
 j - 3 potions of magic {unknown}
 l - 2 potions of resistance {unknown}
 m - 2 potions of haste {unknown}
 n - 2 potions of degeneration {unknown}
 p - a potion of mutation {unknown}
 q - a potion of lignification {unknown}
 u - a potion of poison {unknown}
 z - a potion of agility {unknown}
 E - 2 potions of curing
 F - a potion of beneficial mutation {unknown}
Comestibles
 e - 3 bread rations
 g - 2 beef jerkies
 G - a royal jelly


   Skills:
 + Level 6.8 Fighting
 + Level 6.8 Axes
 - Level 3.2 Armour
 - Level 3.2 Shields


You had 5 spell levels left.
You didn't know any spells.

Dungeon Overview and Level Annotations

Branches:
Dungeon (4/15)
 Temple: D:4-7

Altars:
Cheibriados
Kikubaaqudgha
Nemelex Xobeh
Sif Muna
Yredelemnul
Zin

Annotations:
D:4 Natasha


Message History

Your shield and scale mail prevent you from hitting the adder.
You feel sick. The adder bites you but does no damage.
You block the adder's attack.
You closely miss the adder.
* * * LOW HITPOINT WARNING * * *
You feel sick. The adder bites you but does no damage.
You slice the adder!!
You kill the adder!
You feel sick.
The white imp hits you but does no damage.
You slash the white imp!
You kill the white imp!
You feel sick. Natasha claws you.
* * * LOW HITPOINT WARNING * * *
You slash Natasha!
Natasha is severely wounded.
Natasha claws you but does no damage.
You hit Natasha.
Natasha is almost dead.
You die...

#...#.... ..#.........
###...#...###.#..###....
....<.........#..####...
...........(..#.........
.............†#.###.#<..
###...#....##.#.# #.#...
#......5......#.###...##
.#...#h##..........###
#. #@#########.### #†#
#.###### #[# #....)..
..# #..##.## ...#
#.....## .[... ##.#####
.....# #.##### ......#
#...... ..#.#..# #######


You could see Natasha and a white imp.

Vanquished Creatures
  The ghost of lordkraft the Grave Robber, an amateur DENe of Dithmenos (D:3)
  An ogre (D:3)
  A scorpion (D:4)
  A crimson imp (D:3)
  A hound (D:4)
  4 adders
  An ooze (D:1)
  2 orcs
  5 bats
  7 giant cockroaches
  9 goblins
  4 hobgoblins
  9 jackals
  5 kobolds
  3 quokkas
  A giant gecko (D:2)
  4 giant newts
  7 rats
66 creatures vanquished.

Notes
Turn   | Place    | Note
--------------------------------------------------------------
     0 | D:1      | Kloppie the Hill Orc Fighter began the quest for the Orb.
     0 | D:1      | Reached XP level 1. HP: 19/19 MP: 1/1
   298 | D:1      | Reached XP level 2. HP: 24/27 MP: 2/2
   360 | D:1      | Reached skill level 4 in Fighting
   551 | D:2      | Reached XP level 3. HP: 23/33 MP: 3/3
   862 | D:2      | Found a faded altar to an unknown god.
  1214 | D:3      | Found an ancient bone altar of Kikubaaqudgha.
  1221 | D:3      | Found a basalt altar of Yredelemnul.
  1221 | D:3      | Found a glowing silver altar of Zin.
  1223 | D:3      | Found a sparkling altar of Nemelex Xobeh.
  1223 | D:3      | Found a deep blue altar of Sif Muna.
  1232 | D:3      | Reached XP level 4. HP: 26/41 MP: 4/4
  1508 | D:3      | Reached skill level 5 in Fighting
  1508 | D:3      | Reached skill level 5 in Axes
  1550 | D:3      | Noticed lordkraft's ghost (amateur DENe)
  1568 | D:3      | Killed lordkraft's ghost
  1568 | D:3      | Reached XP level 5. HP: 10/50 MP: 5/5
  1831 | D:3      | Noticed an ogre
  1907 | D:3      | Found a snail-covered altar of Cheibriados.
  2291 | D:3      | Killed an ogre
  2291 | D:3      | Reached skill level 6 in Fighting
  2291 | D:3      | Reached XP level 6. HP: 31/57 MP: 6/6
  2620 | D:4      | Noticed Natasha
  2657 | D:4      | HP: 1/58 [Natasha (6)]
  2659 | D:4      | Succumbed to a scorpion's poison

Action                   |  1- 3 |  4- 6 || total
-------------------------+-------+-------++-------
Melee: War axe           |   101 |   119 ||   220
  Use: Potion            |       |     1 ||     1
  Eat: Chunk             |     1 |     4 ||     5
